 Dungeon Crawl Stone Soup version 0.29-a0-1006-g0dd7720b37 (webtiles) character file.

Game seed: 9416730350422527030

91 xian the Sneak (level 4, -10/30 HPs)
             Began as an Octopode Brigand on Aug 6, 2022.
             Mangled by Crazy Yiuf
             ... wielding a +4 quarterstaff of chaos
              (11 damage)
             ... on level 2 of the Dungeon.
             The game lasted 00:05:22 (2673 turns).

xian the Sneak (Octopode Brigand)                   Turns: 2673, Time: 00:05:23

Health: -10/30     AC:  1    Str: 10    XL:     4   Next: 57%
Magic:  2/4        EV: 13    Int: 15    God:
Gold:   86         SH:  0    Dex: 13    Spells: 2/3 levels left

rFire   + . .      SeeInvis .   a - +2 dagger
rCold   x . .      Faith    .   (no shield)
rNeg    . . .      Spirit   .   (helmet restricted)
rPois   .          Reflect  .   (no amulet)
rElec   .          Harm     .   r - ring of fire
rCorr   .          Rampage  .   (no ring)
Will    .....                   (no ring)
Stlth   ++++......              (no ring)
HPRegen 0.10/turn               (no ring)
MPRegen 0.09/turn               (no ring)
                                (no ring)
                                (no ring)

@: no status effects
A: almost no armour, amphibious, 8 rings, camouflage 1, gelatinous body 1,
(nimble swimmer 1), tentacles
a: no special abilities


You were on level 2 of the Dungeon.
You visited 1 branch of the dungeon, and saw 2 of its levels.

You collected 86 gold pieces.

Inventory:

Hand Weapons
 a - a +2 dagger (weapon)
 j - a +0 dagger of venom
Missiles
 b - 6 poisoned darts (quivered)
 c - 3 curare-tipped darts
Jewellery
 r - a ring of fire (left tentacle)
Scrolls
 e - 2 scrolls of identify {unknown}
 l - 2 scrolls of teleportation {unknown}
 n - a scroll of butterflies {unknown}
 o - a scroll of noise {unknown}
 q - a scroll of fear {unknown}
Potions
 d - 3 potions of heal wounds
 f - 3 potions of might {unknown}
 g - a potion of brilliance {unknown}
 h - a potion of ambrosia {unknown}
 i - 3 potions of curing {unknown}
 k - 2 potions of mutation {unknown}
 m - a potion of degeneration {unknown}
 p - a potion of haste {unknown}


   Skills:
 + Level 2.5 Fighting
 + Level 2.4 Short Blades
 + Level 2.0 Throwing
 + Level 1.9 Dodging
 + Level 6.3 Stealth
 * Level 0.4 Spellcasting
 * Level 1.3 Summonings


You had 2 spell levels left.
You knew the following spells:

 Your Spells              Type           Power      Damage    Failure   Level
a - Summon Small Mammal   Summ           16%        N/A       16%         1

Your spell library contained the following spells:

 Spells                   Type           Power      Damage    Failure   Level
 Necrotise                Necr           0%         1d4       26%         1
 Call Canine Familiar     Summ           4%         N/A       43%         3
 Summon Guardian Golem    Hex/Summ       2%         N/A       52%         3
 Confusing Touch          Hex            0%         N/A       61%         3
 Vampiric Draining        Necr           0%         2d6       61%         3
 Agony                    Necr           0%         N/A       100%        5
 Yara's Violent Unravell  Hex/Tmut       0%         3d3       100%        5
 Enfeeble                 Hex            0%         N/A       100%        7
 Orb of Destruction       Conj           0%         9d5       100%        7
 Spellforged Servitor     Conj/Summ      1%         N/A       100%        7


Dungeon Overview and Level Annotations

Branches:
Dungeon (2/15)

Altars:

Annotations:
D:2 Crazy Yiuf


Innate Abilities, Weirdness & Mutations

You cannot wear most types of armour.
You are amphibious.
You can wear up to eight rings at the same time.
Your skin changes colour to match your surroundings (Stealth+).
Your rubbery body absorbs attacks. (AC +1, EV +1)
((You are camouflaged when in or above water. (Stealth+)))
You have tentacles for arms and can constrict up to eight enemies at once.


Message History

There is an open door here.
A goblin is nearby!
The helpless goblin fails to defend itself.
You impale the goblin!!
You kill the goblin!
Things that are here:
a +0 club; a goblin corpse Crazy Yiuf says, "Defame!
Scoff forty-two Orb Guardian."
Casting: Summon Small Mammal (safe; 16% risk of failure)
Confirm with . or Enter, or press ? or * to list all spells.
Unknown command.
You open the door.
You swap places.
Crazy Yiuf hits your rat with a +4 quarterstaff of chaos!
Crazy Yiuf burns your rat.
Your rat dies!
Your rat's corpse disappears in a puff of smoke!
Crazy Yiuf says, "Millenium!"
You throw a poisoned dart. The poisoned dart hits Crazy Yiuf.
Crazy Yiuf is poisoned.
You throw a poisoned dart. The poisoned dart hits Crazy Yiuf.
Crazy Yiuf looks even sicker.
Crazy Yiuf twirls on the spot.
Crazy Yiuf completely misses you.
You throw a poisoned dart. The poisoned dart hits Crazy Yiuf.
Crazy Yiuf looks even sicker.
Crazy Yiuf glowers.
Crazy Yiuf zaps a wand.
The bolt of dispelling energy hits you!
Ouch! That really hurt!
You are too injured to fight recklessly!
Unknown command.
Casting: Summon Small Mammal (safe; 16% risk of failure)
Confirm with . or Enter, or press ? or * to list all spells.
Crazy Yiuf hits you with a +4 quarterstaff of chaos!
* * * LOW HITPOINT WARNING * * *
Crazy Yiuf freezes you.
* * * LOW HITPOINT WARNING * * *
Crazy Yiuf attacks as you move away!
Crazy Yiuf hits you with a +4 quarterstaff of chaos!
You die...

#)..:.........#.#.##.##)##
#######.###'###.#.#..##..#
#.##).....#.#.####.##
#.##......#.#.# #..#
#############.#####.#
#.....#.##
#######.###.#..# ###
###.#.P.+..##..<.##
#...##g@#.PP....#####..#
#...'r####......# ####.#
#)..### ##..+.## #.....
### ###### #.###. #.# #.
#.# ## ###
################.#### #.#
#(.......'........... #.#
##.......########....


You could see Crazy Yiuf (very poisoned, ally target) and a friendly rat
(summoned).

Vanquished Creatures
  Robin (D:2)
  An adder (D:2)
  A worm (D:2)
  4 dart slugs
  2 ball pythons
  4 bats
  2 endoplasms (D:2)
  2 giant cockroaches
  11 goblins
  9 hobgoblins
  4 quokkas
  3 frilled lizards (D:1)
  8 kobolds
  2 rats
54 creatures vanquished.

Notes
Turn   | Place    | Note
-------+----------+-------------------------------------------
     0 | D:1      | xian the Octopode Brigand began the quest for the Orb.
     0 | D:1      | Reached XP level 1. HP: 14/14 MP: 1/1
   272 | D:1      | Reached XP level 2. HP: 18/19 MP: 2/2
   716 | D:1      | Reached skill level 1 in Summonings
   716 | D:1      | Reached XP level 3. HP: 24/24 MP: 3/3
  1367 | D:2      | Reached skill level 6 in Stealth
  1698 | D:2      | Noticed Robin
  1714 | D:2      | Killed Robin
  1715 | D:2      | Reached XP level 4. HP: 18/30 MP: 4/4
  1974 | D:2      | Found a faded altar of an unknown god.
  2484 | D:2      | Found a runed translucent door.
  2485 | D:2      | Noticed Crazy Yiuf
  2572 | D:2      | Learned a level 1 spell: Summon Small Mammal
  2672 | D:2      | HP: 1/30 [Crazy Yiuf/+4 quarterstaff of chaos (1)]
  2673 | D:2      | Mangled by Crazy Yiuf

Illustrated notes

Levels and vault maps discovered:
D:1:      minmay_arrival_wavy_path, layout_basic
D:2:      layout_basic, shapermc_ecumenical_altar_totnotflames,
          minmay_misc_feat_plants, minmay_misc_feat_diagonals, uniq_robin,
          uniq_crazy_yiuf_cottage

Skill      XL: |  1  2  3 |
---------------+----------+-----
Summonings     | 1 |  1.3
Stealth        | 6 |  6.3
Fighting       | |  2.5
Short Blades   | |  2.4
Throwing       | |  2.0
Dodging        | |  1.9
Spellcasting   | |  0.4

Action                   |  1- 3 |  4- 6 || total
-------------------------+-------+-------++-------
Melee: Dagger            |    74 |    34 ||   108
       Constrict         |    12 |     6 ||    18
       Tentacles         |     9 |     4 ||    13
       Punch             |       |     1 ||     1
Throw: Dart              |     1 |     3 ||     4
 Cast: Summon Small Mamm |       |     2 ||     2
  Use: Potion            |     1 |       ||     1
 Stab: Sleeping          |    11 |     7 ||    18
Armor: Skin              |     3 |     4 ||     7
Dodge: Dodged            |    65 |    23 ||    88

Table legend: (Time is in decaauts)
 A = Elapsed time spent in this place.
 B = Non-inter-level travel time spent in this place.
 C = Inter-level travel time spent in this place.
 D = Time resting spent in this place.
 E = Time spent auto-exploring this place.
 F = Levels seen in this place.
 G = Mean time per level.
                   A        B        C        D        E       F      G
               +--------+--------+--------+--------+--------+-----+--------+
         Total |   2660 |   2632 |     28 |      0 |   2071 |   2 | 1330.0 |
       Dungeon |   2660 |   2632 |     28 |      0 |   2071 |   2 | 1330.0 |
               +--------+--------+--------+--------+--------+-----+--------+

Top non-repeatable levels by time:
     D:2: 1335 daAuts
     D:1: 1324 daAuts
